 Dungeon Crawl Stone Soup version 0.28.0-53-g5a82cb258f (webtiles) character file.

Game seed: 17868001351539398126

39 Neuros91 the Conjurer (level 3, -3/24 HPs)
             Began as a Human Conjurer on June 16, 2022.
             Slain by Terence
             ... wielding a +3 antimagic short sword
              (8 damage)
             ... on level 2 of the Dungeon.
             The game lasted 00:06:34 (1989 turns).

Neuros91 the Conjurer (Human Conjurer)              Turns: 1989, Time: 00:06:34

Health: -3/24      AC:  3    Str:  7    XL:     3   Next: 70%
Magic:  0/6        EV: 12    Int: 20    God:
Gold:   43         SH:  0    Dex: 11    Spells: 3/6 levels left

rFire   . . .      SeeInvis .   f - +0 dagger
rCold   . . .      Faith    .   (no shield)
rNeg    . . .      Spirit   .   a - +0 robe
rPois   .          Reflect  .   (no helmet)
rElec   .          Harm     .   (no cloak)
rCorr   .          Rampage  .   (no gloves)
Will    .....                   b - +0 pair of boots
Stlth   ++........              (no amulet)
HPRegen 0.08/turn               (no ring)
MPRegen 0.10/turn               (no ring)

@: no status effects
A: no striking features
a: no special abilities


You were on level 2 of the Dungeon.
You visited 1 branch of the dungeon, and saw 2 of its levels.

You collected 43 gold pieces.

Inventory:

Hand Weapons
 f - a +0 dagger (weapon)
Armour
 a - a +0 robe (worn)
 b - a +0 pair of boots (worn)
Scrolls
 e - a scroll of identify
Potions
 c - a potion of mutation
 d - a potion of brilliance {unknown}


   Skills:
 - Level 2.0 Dodging
 - Level 2.0 Stealth
 - Level 2.0 Spellcasting
 + Level 5.2 Conjurations


You had 3 spell levels left.
You knew the following spells:

 Your Spells              Type           Power      Damage    Failure   Level
a - Magic Dart            Conj           88%        1d7       1%          1
b - Searing Ray           Conj           44%        2d6       2%          2

Your spell library contained the following spells:

 Spells                   Type           Power      Damage    Failure   Level
 Dazzling Flash           Conj/Hex       24%        N/A       16%         3
 Fulminant Prism          Conj/Hex       6%         3d7       47%         4
 Iskenderun's Mystic Bla  Conj/Tloc      12%        2d5       47%         4


Dungeon Overview and Level Annotations

Branches:
Dungeon (2/15)

Altars:

Shops:
D:2 *

Annotations:
D:2 Terence


Message History

You completely miss Terence.
Terence is heavily wounded.
Terence closely misses you.
You hit Terence.
Terence is heavily wounded.
Terence completely misses you.
You barely miss Terence. You punch Terence, but do no damage.
Terence is heavily wounded.
Terence closely misses you.
You hit Terence but do no damage.
Terence is heavily wounded.
Terence misses you.
You barely miss Terence.
Terence is heavily wounded.
Terence hits you with a +3 antimagic short sword.
You feel your power leaking away.
You don't have enough magic to cast this spell.
You don't have enough magic to cast this spell.
Unknown command.
Casting: Magic Dart (safe; 1% risk of failure)
Confirm with . or Enter, or press ? or * to list all spells.
You don't have enough magic to cast this spell.
Casting: Magic Dart (safe; 1% risk of failure)
Confirm with . or Enter, or press ? or * to list all spells.
You don't have enough magic to cast this spell.
You hit Terence but do no damage.
Terence is heavily wounded.
Terence hits you with a +3 antimagic short sword.
You closely miss Terence.
Terence is heavily wounded.
Terence barely misses you.
You hit Terence but do no damage.
Terence is heavily wounded.
Terence hits you with a +3 antimagic short sword.
* * * LOW HITPOINT WARNING * * *
You hit Terence but do no damage.
Terence is heavily wounded.
Terence shouts, "Now you die!"
Terence hits you with a +3 antimagic short sword!
You die...

##########
#......... #.#
#.# #@# ####.#
#@######
##.....#.
#......#
#........
######.#
#........ #.#
#........ #.#
#........
##.###.<......
#....'........
#..###........
#..# #........


You could see Terence.

Vanquished Creatures
  An adder (D:2)
  2 dart slugs (D:1)
  2 endoplasms
  A giant cockroach (D:2)
  A goblin (D:1)
  3 hobgoblins
  3 kobolds
  4 ball pythons (D:1)
  4 bats
  A frilled lizard (D:1)
  2 rats (D:1)
24 creatures vanquished.

Notes
Turn   | Place    | Note
-------+----------+-------------------------------------------
     0 | D:1      | Neuros91 the Human Conjurer began the quest for the Orb.
     0 | D:1      | Reached XP level 1. HP: 13/13 MP: 3/3
   192 | D:1      | Found a faded altar of an unknown god.
   300 | D:1      | Reached XP level 2. HP: 19/19 MP: 3/5
   556 | D:1      | Learned a level 2 spell: Searing Ray
  1161 | D:1      | Reached XP level 3. HP: 24/24 MP: 3/6
  1687 | D:2      | Reached skill level 5 in Conjurations
  1912 | D:2      | Found Zivuxys's General Store.
  1972 | D:2      | Noticed Terence
  1989 | D:2      | Slain by Terence

Illustrated notes

Levels and vault maps discovered:
D:1:      dpeg_arrival_orchard, layout_basic, chequers_ecumenical_altar_island,
          minmay_liquid_box, grunt_decor_one_mirror
D:2:      layout_basic, serial_shops, nicolae_shop_stone, uniq_terence

Skill      XL: |  1  2  3 |
---------------+----------+-----
Conjurations   | 5 |  5.2
Dodging        | |  2.0
Stealth        | |  2.0
Spellcasting   | |  2.0

Action                   || total
-------------------------++-------
Melee: Unarmed           ||     6
       Short sword       ||    17
       Dagger            ||    10
       Punch             ||     1
 Cast: Magic Dart        ||    51
  Use: Scroll            ||     2
Armor: Robe              ||     7
Dodge: Dodged            ||    24
